 Dungeon Crawl Stone Soup version 0.29.0-4-gdea44cf6ec (webtiles) character file.

Game seed: 11047300953835737143

60 qw the Chopper (level 4, 0/26 HPs)
             Began as a Tengu Warper on Aug 28, 2022.
             Slain by a bullfrog (6 damage)
             ... on level 3 of the Dungeon.
             The game lasted 00:00:15 (3010 turns).

qw the Chopper (Tengu Warper)                       Turns: 3010, Time: 00:00:15

Health: 0/26       AC:  4    Str: 12 (14) XL:     4   Next: 6%
Magic:  8/8        EV: 11    Int: 11 (13) God:
Gold:   163        SH:  0    Dex: 12 (13) Spells: 7/7 levels left

rFire   . . .      SeeInvis .   Y - +1 hand axe
rCold   . . .      Faith    .   (no shield)
rNeg    . . .      Spirit   .   b - +0 leather armour
rPois   .          Reflect  .   (helmet restricted)
rElec   .          Harm     .   e - +0 cloak
rCorr   .          Rampage  .   (no gloves)
Will    .....                   (boots unavailable)
Stlth   +.........              (no amulet)
HPRegen 0.08/turn               (no ring)
MPRegen 0.11/turn               (no ring)

@: no status effects
A: beak, talons 3
a: no special abilities


You were on level 3 of the Dungeon.
You visited 1 branch of the dungeon, and saw 3 of its levels.

You collected 163 gold pieces.


Innate Abilities, Weirdness & Mutations

You have a beak for a mouth.
You have claws for feet.


   Skills:
 - Level 2.0 Fighting
 + Level 4.6 Axes
 - Level 1.0 Throwing
 - Level 1.1 Armour
 - Level 2.1 Dodging
 - Level 2.0 Spellcasting
 - Level 2.4 Translocations


You had 7 spell levels left.
You didn't know any spells.
Your spell library contained the following spells:

 Spells                   Type           Power      Damage    Failure   Level
 Blink                    Tloc           12%        N/A       22%         2
 Gell's Gravitas          Tloc           6%         N/A       38%         3
 Lesser Beckoning         Tloc           6%         N/A       38%         3
 Teleport Other           Tloc           6%         N/A       38%         3
 Manifold Assault         Tloc           6%         N/A       98%         5

Inventory:

Hand Weapons
 g - a +0 club
 Y - a +1 hand axe (weapon)
Armour
 a - a +0 ring mail
 b - a +0 leather armour (worn)
 d - a +0 chain mail
 e - a +0 cloak (worn)
Scrolls
 c - a scroll of amnesia {unknown}
 j - a scroll of identify
Potions
 f - a potion of cancellation {unknown}
 h - 3 potions of curing {unknown}
 i - a potion of flight {unknown}

Dungeon Overview and Level Annotations

Branches:
Dungeon (3/15)

Altars:

Annotations:
D:3 1 runed translucent door, qw's ghost, amateur TeWr


Message History

You barely miss the ball python. Your peck misses the ball python.
The ball python is severely wounded.
The ball python closely misses you. The ball python barely misses you.
The bullfrog gives a loud, deep croak!
You hit the ball python.
You kill the ball python!
You hear an angry hiss.
A quokka comes into view.
The quokka twitches its whiskers.
The bullfrog closely misses you.
You slash the bullfrog! Your peck misses the bullfrog.
The bullfrog is moderately wounded.
The bullfrog closely misses you.
You closely miss the bullfrog. Your kick misses the bullfrog.
The bullfrog is moderately wounded.
The bullfrog hits you but does no damage. x2
You hit the bullfrog. Your peck misses the bullfrog.
The bullfrog is moderately wounded.
The bullfrog hits you.
You slash the bullfrog! Your kick misses the bullfrog.
Your peck misses the bullfrog.
The bullfrog is severely wounded.
You closely miss the quokka. The bullfrog hits you. The bullfrog hits you!
The quokka bites you but does no damage.
You hit the bullfrog but do no damage. Your kick misses the bullfrog.
The bullfrog is severely wounded.
You hit the quokka but do no damage.
The bullfrog hits you but does no damage.
The quokka bites you. The bullfrog hits you.
You hit the bullfrog. Your peck misses the bullfrog.
The bullfrog is severely wounded.
You hit the quokka. The quokka barely misses you. The bullfrog hits you.
The quokka bites you but does no damage.
You closely miss the bullfrog. Your peck misses the bullfrog.
The bullfrog is severely wounded.
You barely miss the quokka. The bullfrog barely misses you.
The quokka bites you. The bullfrog hits you.
You die...

#.# #. #.# #~ ### #. #.#
#~ .... #. ###.###### #~
~~..##.#####........# #~
.~.............####.# #W
.~.....#####...####.###B
.~.......>............##
.~....r@................
.~....F#####.#..........
.~..... #.#.####.#.##
.~..... #.#..###.#)##
~~..### #)##.[.......
.... #.######.#### ...
.. ...# .. ###


You could see a bullfrog and a quokka.

Vanquished Creatures
  An adder (D:2)
  A dart slug (D:2)
  4 endoplasms
  4 giant cockroaches
  4 goblins
  3 hobgoblins
  7 jackals (D:3)
  2 quokkas
  2 ball pythons
  3 bats (D:1)
  3 frilled lizards
  5 kobolds
  5 rats
44 creatures vanquished.

Vanquished Creatures (others)
  A fungus (D:2)
  6 plants
7 creatures vanquished.

Grand Total: 51 creatures vanquished

Notes
Turn   | Place    | Note
-------+----------+-------------------------------------------
     0 | D:1      | qw the Tengu Warper began the quest for the Orb.
     0 | D:1      | Reached XP level 1. HP: 12/12 MP: 4/4
     0 | D:1      | 0 ||| qw: Version: 0.1-a-89-g26bdef1
     0 | D:1      | 0 ||| qw: Game counter: 1620
     0 | D:1      | 0 ||| qw: Always use a shield: true
     0 | D:1      | 0 ||| qw: God list: Okawaru
     0 | D:1      | 0 ||| qw: Allow faded altars: false
     0 | D:1      | 0 ||| qw: Do Orc after D:15 true
     0 | D:1      | 0 ||| qw: Do second Lair branch before Depths: true
     0 | D:1      | 0 ||| qw: Lair rune preference: random
     0 | D:1      | 0 ||| qw: Plans: Normal
     0 | D:1      | 0 ||| PLANNING D:1-11
   282 | D:1      | Reached XP level 2. HP: 16/17 MP: 6/6
   346 | D:1      | Reached skill level 3 in Axes
   907 | D:1      | 907 ||| UPGRADING to +0 cloak.
   912 | D:1      | 912 ||| READING scroll labelled EDYFIU HOODOUW.
   913 | D:1      | 913 ||| READING scroll labelled GOROLINLUYH.
   914 | D:1      | 914 ||| DROPPING scroll of blinking.
   915 | D:1      | 915 ||| Stepping randomly (stuck).
   916 | D:1      | 916 ||| Stepping ~*~*~tactically~*~*~ (cloud).
  1309 | D:2      | Reached XP level 3. HP: 13/21 MP: 7/7
  1417 | D:2      | 1417 ||| Stepping ~*~*~tactically~*~*~ (stealth).
  1448 | D:2      | 1448 ||| Stepping ~*~*~tactically~*~*~ (hiding).
  1550 | D:2      | 1550 ||| Stepping ~*~*~tactically~*~*~ (hiding).
  1588 | D:2      | 1588 ||| Stepping ~*~*~tactically~*~*~ (stealth).
  1590 | D:2      | 1590 ||| Stepping ~*~*~tactically~*~*~ (hiding).
  1633 | D:2      | 1633 ||| Stepping ~*~*~tactically~*~*~ (stealth).
  1640 | D:2      | 1640 ||| Stepping ~*~*~tactically~*~*~ (hiding).
  1748 | D:2      | 1748 ||| Stepping ~*~*~tactically~*~*~ (hiding).
  1855 | D:2      | Reached skill level 4 in Axes
  1919 | D:2      | 1919 ||| Stepping ~*~*~tactically~*~*~ (stealth).
  1926 | D:2      | 1926 ||| Stepping ~*~*~tactically~*~*~ (stealth).
  2100 | D:2      | Found a faded altar of an unknown god.
  2413 | D:2      | 2413 ||| READING scroll labelled QUWKIGOMID.
  2414 | D:2      | 2414 ||| READING scroll labelled ABBOUWKECZA.
  2415 | D:2      | 2415 ||| DRINKING 2 glowing cyan potions.
  2416 | D:2      | 2416 ||| DRINKING 2 pink potions.
  2417 | D:2      | 2417 ||| DROPPING potion of attraction.
  2418 | D:2      | 2418 ||| DROPPING potion of degeneration.
  2704 | D:3      | Noticed a bullfrog
  2705 | D:3      | 2705 ||| Stepping ~*~*~tactically~*~*~ (stealth).
  2903 | D:3      | Found a runed translucent door.
  2912 | D:3      | 2912 ||| Stepping ~*~*~tactically~*~*~ (stealth).
  2916 | D:3      | Reached XP level 4. HP: 25/26 MP: 8/8
  2969 | D:3      | Noticed qw's ghost (amateur TeWr)
  3010 | D:3      | HP: 6/26 [quokka (1)]
  3010 | D:3      | Slain by a bullfrog

Levels and vault maps discovered:
D:1:      zaba_arrival_water, layout_basic, serial_rivers,
          chequers_serial_rivers_room_b, chequers_serial_rivers_large_a,
          chequers_serial_rivers_micro_a, chequers_serial_rivers_micro_c
D:2:      layout_loops_ring, shapermc_ecumenical_altar_rom_forum,
          minmay_misc_feat_hallway, minmay_misc_feat_encased
D:3:      layout_loops_ring, mainiacjoe_overflow_brackets,
          ebering_ghost_sewer_f, chequers_big_river, chequers_arboretum

Skill      XL: |  1  2  3 |
---------------+----------+-----
Axes           | 3 4 |  4.6
Fighting       | |  2.0
Throwing       | |  1.0
Armour         | |  1.1
Dodging        | |  2.1
Spellcasting   | |  2.0
Translocations | |  2.4

Action                   |  1- 3 |  4- 6 || total
-------------------------+-------+-------++-------
Melee: Hand axe          |    90 |    14 ||   104
       Kick              |    13 |       ||    13
       Peck              |     6 |       ||     6
Throw: Boomerang         |     7 |       ||     7
  Use: Scroll            |     4 |       ||     4
       Potion            |     2 |       ||     2
Armor: Leather armour    |    39 |     7 ||    46
Dodge: Dodged            |    45 |     9 ||    54

Table legend:
 A = Non-vault XP
 B = Vault XP
 C = Vault XP percentage of total XP
 D = Non-vault monster count
 E = Vault monster count
 F = Vault count percentage of total count
                 A         B        C        D         E       F
            +---------+---------+-------+---------+---------+-------
      Total |      87 |       0 |   0.0 |      44 |       0 |   0.0
            +---------+---------+-------+---------+---------+-------
        D:1 |      25 |       0 |   0.0 |      17 |       0 |   0.0
        D:2 |      37 |       0 |   0.0 |      14 |       0 |   0.0
        D:3 |      25 |       0 |   0.0 |      13 |       0 |   0.0
            +---------+---------+-------+---------+---------+-------
